AoeStats
← Mind

Pilgrims

508622946Analyzed
2v2 RM · 9d ago on Sep 23, 2026· 48m 50s· 4 players
Game mode
Random Map
Map size
Medium (4 player)
Population
200
Speed
Normal
Resources
Standard
Victory
Conquest
Starting age
Dark Age
Ending age
Imperial Age
RankedLock teamsTeams togetherTeam positionsShared explorationLock speedFull tech treeHidden civsTurbo modeCheats
Victory
Defeat
🇦🇷 Wei · Argentina
966
+14
🇹🇼 Spanish · Taiwan
954
+15
🇩🇰 Vietnamese · Denmark
934
-35
🇩🇰 Danes · Denmark
913
-31
mozo815 灰色
2:59 Loom
12:17 Feudal Age
13:55 Double-Bit Axe
14:40 Scale Barding Armor
14:23 Fishing Lines
15:33 Wheelbarrow
23:37 Castle Age
26:39 Castle Age
29:58 Bloodlines
29:48 Husbandry
33:44 Chain Barding Armor
33:34 Forging
33:16 Fletching
34:49 Hand Cart
34:36 Light Cavalry
36:38 Iron Casting
35:54 Fletching
37:42 Horse Collar
40:17 Bow Saw
45:14 Imperial Age
43:46 Medium Warships
44:12 Ballistics
44:02 Masonry
44:07 Town Watch
45:55 Gold Mining
46:33 Conscription
47:54 Chemistry
47:26 Architecture
SHUYING10
12:05 Feudal Age
10:26 Loom
13:09 Double-Bit Axe
13:14 Horse Collar
13:26 Fishing Lines
19:26 Castle Age
19:34 Castle Age
17:36 Fletching
17:47 Padded Archer Armor
18:32 Gold Mining
18:33 Stone Mining
19:44 Scale Barding Armor
19:50 Forging
20:46 Bow Saw
22:13 Bodkin Arrow
22:34 Leather Archer Armor
25:04 Gold Shaft Mining
25:04 Stone Shaft Mining
25:12 Iron Casting
24:59 Chain Barding Armor
30:02 Ballistics
29:45 Murder Holes
30:24 Gillnets
31:13 Heavy Plow
36:27 Imperial Age
35:07 Husbandry
35:18 Bloodlines
37:36 Conscription
38:00 Parthian Tactics
37:41 Bracer
42:29 Crop Rotation
44:37 Town Watch
45:28 Wheelbarrow
46:11 Chemistry
45:37 Heavy Hei Guang Cavalry
47:59 Ring Archer Armor
48:30 Blast Furnace
Mind
4:54 Loom
12:53 Feudal Age
13:19 Double-Bit Axe
13:17 Horse Collar
17:50 Wheelbarrow
17:34 Town Watch
23:40 Fishing Lines
25:00 Fletching
25:10 Padded Archer Armor
29:17 Castle Age
27:56 Forging
29:26 Crossbowman
30:04 Bodkin Arrow
30:46 Bow Saw
30:39 Heavy Plow
32:14 Gillnets
32:53 Squires
33:59 Thumb Ring
35:26 Chatras
36:46 Hand Cart
37:36 Leather Archer Armor
38:31 Ballistics
39:59 Caravan
43:03 Imperial Age
43:49 Medium Warships
43:29 Treadmill Crane
45:10 Paper Money
46:06 Pikeman
sortie
5:38 Loom
11:31 Feudal Age
16:48 Castle Age
25:26 Scale Mail Armor
25:36 Forging
29:16 Hamask
37:30 Chain Mail Armor
37:51 Iron Casting
40:34 Double-Bit Axe
Connection lost

Rejoining the realm…

Still unreachable

The connection could not be restored.

Session expired

The server has moved on; the page needs a fresh start.